 Dungeon Crawl Stone Soup version 0.30.0-29-ga12c61a403 (webtiles) character file.

Game seed: 12586319604808748046

279 Graphine the Ducker (level 6, -3/51 HPs)
             Began as a Merfolk Monk on June 16, 2023.
             Slain by Duvessa
             ... wielding a +0 short sword
              (9 damage)
             ... on level 4 of the Dungeon.
             The game lasted 00:06:07 (2503 turns).

Graphine the Ducker (Merfolk Monk)                  Turns: 2503, Time: 00:06:07

Health: -3/51      AC:  2    Str: 12    XL:     6   Next: 26%
Magic:  0/6        EV: 15    Int: 15    God:
Gold:   153        SH:  0    Dex: 18    Spells: 5/5 levels left

rFire   . . .        i - +3 falchion
rCold   . . .        d - orb {light}
rNeg    . . .        b - +0 robe
rPois   .            (no helmet)
rElec   .            (no cloak)
rCorr   .            (no gloves)
SInv    +            (no boots)
Will    .....        j - amulet of guardian spirit
Stlth   +            h - ring of see invisible
HPRegen 0.28/turn    m - +6 ring of intelligence
MPRegen 0.10/turn

%: guardian spirit
@: glowing
A: (nimble swimmer 2), mertail
a: no special abilities


You were on level 4 of the Dungeon.
You visited 1 branch of the dungeon, and saw 4 of its levels.

You collected 153 gold pieces.

Inventory:

Hand Weapons
 f - a +1 short sword of flaming
 i - a +3 falchion (weapon)
 o - the +1 sling "Fets" {drain, +Blink Fly Str-5 Int-5}
   (You found it on level 2 of the Dungeon)

   Str:       It affects your strength (-5).
   Int:       It affects your intelligence (-5).
   Fly:       It grants you flight.
   +Blink:    It lets you blink.
Armour
 b - a +0 robe (worn)
 d - an orb of light (worn)
Jewellery
 h - a ring of see invisible (left hand)
 j - an amulet of guardian spirit (around neck)
 m - a +6 ring of intelligence (right hand)
 n - a ring of magical power
 r - an amulet of faith
Scrolls
 p - a scroll of teleportation
 s - a scroll of amnesia
Potions
 a - a potion of brilliance {unknown}
 e - 2 potions of heal wounds {unknown}
 g - 2 potions of berserk rage {unknown}
 k - 2 potions of degeneration {unknown}
 l - a potion of flight {unknown}
 q - a potion of mutation {unknown}


   Skills:
 + Level 5.0 Fighting
 + Level 5.5 Long Blades
 + Level 6.1 Dodging


You had 5 spell levels left.
You didn't know any spells.
Your spell library contained the following spells:

 Spells                   Type           Power      Damage    Failure   Level
 Lesser Beckoning         Tloc           0%         N/A       38%         2
 Gell's Gravitas          Tloc           0%         N/A       63%         3
 Inner Flame              Hex/Fire       0%         N/A       63%         3
 Teleport Other           Tloc           0%         N/A       63%         3
 Flame Wave               Conj/Fire      0%         2d4       95%         4
 Sticky Flame             Conj/Fire      0%         2d3       95%         4


Dungeon Overview and Level Annotations

Branches:
Dungeon (4/15)
 Temple: D:4-7

Altars:

Shops:
D:1 [   D:3 [

Annotations:
D:4 Duvessa


Innate Abilities, Weirdness & Mutations

((You are very nimble when in or above water. (Stealth+, EV+, Speed+++)))
Your lower body shifts to a powerful aquatic tail in water.


Message History

Hit: i) +3 falchion
Press: ? - help, Dir - move target, f/p - Duvessa
Aim: Duvessa, wielding a +0 short sword and wearing a +2 leather armour of willpower (heavily wounded, berserk, fast, lightly drained, haloed, about 15% to evade your +3 falchion)
You hit Duvessa but do no damage.
Duvessa is heavily wounded.
Duvessa completely misses you. Duvessa hits you with a +0 short sword!
You are confused.
You feel invigorated. Duvessa barely misses you.
You hit Duvessa.
Duvessa is heavily wounded.
Duvessa closely misses you. Duvessa hits you with a +0 short sword!
Found a pink potion.
You feel less invigorated.
You feel less confused.
You hit Duvessa.
Duvessa is heavily wounded.
Duvessa misses you. Duvessa closely misses you.
You slash Duvessa!
Duvessa is severely wounded.
Duvessa misses you.
You hit Duvessa but do no damage.
Duvessa is severely wounded.
Duvessa closely misses you. Duvessa hits you with a +0 short sword.
Okay, then.
You hit Duvessa but do no damage.
Duvessa is severely wounded.
Duvessa completely misses you.
You hit Duvessa.
Duvessa is severely wounded.
Duvessa completely misses you. Duvessa hits you with a +0 short sword!
* * * LOW HITPOINT WARNING * * *
You hit Duvessa.
Duvessa is severely wounded.
Duvessa hits you with a +0 short sword!
* * * LOW HITPOINT WARNING * * *
Okay, then.
Okay, then.
You hit Duvessa but do no damage.
Duvessa is severely wounded.
Duvessa barely misses you. Duvessa hits you with a +0 short sword!
You die...

..........!##
#................#### ###
#................<...
#..##....................
#...#......).............
#.#.#[...................
#........................
##..............@e.......
#............>..)[.......
..#..<........#..###.....
#....>..........# ....
#......................
#.##.##.##...........
#.#..#..###........##
.....#.## #.......##
##....#. #.#.......


You could see Duvessa (berserk, fast, drained).

Vanquished Creatures
  Dowan (D:4)
  3 jellies (D:3)
  An orc wizard (D:3)
  3 adders (D:2)
  A worm (D:2)
  3 dart slugs
  4 orcs (D:3)
  3 ball pythons
  3 bats
  14 endoplasms
  A giant cockroach (D:3)
  7 goblins
  5 hobgoblins
  3 jackals (D:1)
  2 quokkas (D:1)
  2 frilled lizards (D:1)
  10 kobolds
  8 rats
74 creatures vanquished.

Notes
Turn   | Place    | Note
-------+----------+-------------------------------------------
     0 | D:1      | Graphine the Merfolk Monk began the quest for the Orb.
     0 | D:1      | Reached XP level 1. HP: 18/18 MP: 1/1
    85 | D:1      | Reached XP level 2. HP: 22/24 MP: 2/2
   320 | D:1      | Found Acvi's Armour Shoppe.
   362 | D:1      | Reached XP level 3. HP: 28/30 MP: 3/3
   978 | D:2      | You fall into a shaft and drop 1 floor!
  1015 | D:2      | Identified the +1 sling "Fets" {drain, +Blink Fly Str-5
                  | Int-5}
  1176 | D:2      | Found a faded altar of an unknown god.
  1178 | D:2      | Reached XP level 4. HP: 37/37 MP: 4/4
  1460 | D:2      | Reached skill level 5 in Dodging
  1675 | D:3      | Reached XP level 5. HP: 39/43 MP: 3/5
  1678 | D:3      | Reached skill level 5 in Long Blades
  2101 | D:3      | Found Buxyt's Antique Armour Emporium.
  2277 | D:3      | Reached XP level 6. HP: 50/50 MP: 6/6
  2482 | D:4      | Identified the +0 ring mail "Lefoepno" {rN+ Dex+3}
  2482 | D:4      | Noticed Dowan
  2483 | D:4      | Noticed Duvessa
  2491 | D:4      | Killed Dowan
  2492 | D:4      | Reached skill level 5 in Fighting
  2492 | D:4      | Reached skill level 6 in Dodging
  2503 | D:4      | Slain by Duvessa

Illustrated notes

Levels and vault maps discovered:
D:1:      psy_arrival_radial02, layout_basic, serial_shops,
          nicolae_shop_tiny_waterfront, amcnicky_mini_corridor_feature,
          grunt_decor_junction, dk_noncrumbling_2, serial_park_tiny_2
D:2:      layout_basic, basic_ecumenical_altar
D:3:      cheibrodos_fertilizer, layout_loops_cross, serial_shops, shop,
          nrook_campfire
D:4:      layout_rooms, minmay_misc_feat_five, uniq_duvessa, uniq_robin,
          uniq_menkaure

Skill      XL: |  1  2  3  4  5  6 |
---------------+-------------------+-----
Long Blades    | 4 5 |  5.5
Fighting       | 4 5 |  5.0
Dodging        | 5 6 |  6.1

Action                     |  1- 3 |  4- 6 || total
---------------------------+-------+-------++-------
  Melee: Falchion          |    65 |    30 ||    95
   Fire: Sling             |     6 |    77 ||    83
    Use: Scroll            |     1 |     4 ||     5
         Potion            |       |     1 ||     1
 Armour: Robe              |     7 |     8 ||    15
  Dodge: Dodged            |    44 |    46 ||    90
